 Dungeon Crawl Stone Soup version 0.30.1-9-gdf580d7c3d (webtiles) character file.

Game seed: 16099558648366108203

265 Zonian the Chiller (level 5, 0/25 HPs)
             Began as a Deep Elf Ice Elementalist on Oct 10, 2023.
             Was a Follower of Hepliaklqana.
             Slain by an ogre
             ... wielding a +0 giant spiked club
              (14 damage)
             ... on level 4 of the Dungeon.
             The game lasted 00:09:02 (5074 turns).

Zonian the Chiller (Deep Elf Ice Elementalist)      Turns: 5074, Time: 00:09:02

Health: 0/25       AC: 11    Str:  5    XL:     5   Next: 99%
Magic:  0/12       EV: 13    Int: 22    God:    Hepliaklqana [*.....]
Gold:   174        SH:  0    Dex: 15    Spells: 4/11 levels left

rFire   . . .        w - +1 dagger (drain)
rCold   . . .        (no shield)
rNeg    . . .        a - +0 robe
rPois   .            u - +0 helmet
rElec   .            (no cloak)
rCorr   .            (no gloves)
SInv    .            i - +0 pair of boots
Will    .....        j - amulet of guardian spirit
Stlth   ++           (no ring)
HPRegen 0.24/turn    (no ring)
MPRegen 0.13/turn

%: guardian spirit
@: ice-armoured, freezing walls
A: reduced essence
a: Renounce Religion, Recall Ancestor, Ancestor Identity


You were on level 4 of the Dungeon.
You worshipped Hepliaklqana.
Hepliaklqana was aware of your devotion.
You visited 1 branch of the dungeon, and saw 4 of its levels.

You collected 174 gold pieces.

Inventory:

Hand Weapons
 f - a +0 short sword
 g - a +0 sling
 w - a +1 dagger of draining (weapon)
Missiles
 o - 9 poisoned darts
 q - 2 throwing nets
Armour
 a - a +0 robe (worn)
 i - a +0 pair of boots (worn)
 u - a +0 helmet (worn)
Jewellery
 j - an amulet of guardian spirit (around neck)
Potions
 b - a potion of magic
 c - 4 potions of brilliance
 d - a potion of curing
 e - 3 potions of haste
 k - a potion of might
 l - 2 potions of ambrosia
 p - 2 potions of cancellation {unknown}
 r - a potion of flight {unknown}
 t - 2 potions of invisibility


   Skills:
 - Level 3.3 Dodging
 - Level 3.5 Stealth
 - Level 3.9 Spellcasting
 + Level 7.0 Ice Magic


You had 4 spell levels left.
You knew the following spells:

 Your Spells              Type           Power      Damage    Failure   Level
a - Freeze                Ice            100%       1d10      1%          1
b - Frozen Ramparts       Ice            70%        1d11      1%          3
c - Ozocubu's Armour      Ice            35%        N/A       1%          3

Your spell library contained the following spells:

 Spells                   Type           Power      Damage    Failure   Level
 Kiss of Death            Conj/Necr      16%        2d6       12%         1
 Summon Ice Beast         Ice/Summ       19%        N/A       26%         4
 Confusing Touch          Hex            4%         N/A       34%         3
 Dispel Undead            Necr           4%         3d7       75%         4


Dungeon Overview and Level Annotations

Branches:
Dungeon (4/15)
 Temple: D:4-7

Altars:
Hepliaklqana
Wu Jian
Xom


Message History

You see here 3 javelins.
You see here a +0 mace.
Unknown command.
Casting: Freeze (safe; 1% risk of failure)
Confirm with . or Enter, or press ? or * to list all spells.
Casting: Frozen Ramparts (safe; 1% risk of failure)
Press: ? - help, Dir - look around, f - activate The walls around you are covered in ice.
Unknown command.
Casting: Frozen Ramparts (safe; 1% risk of failure)
Confirm with . or Enter, or press ? or * to list all spells.
A film of ice covers your body!
Unknown command.
The wall freezes the ogre!
The ogre hits Thabo with a +0 giant spiked club!!
Thabo is destroyed!
Unknown command.
You aren't carrying any items that you can evoke.
Unknown command.
Throw: 10 darts (poison)
Press: ? - help, Shift-Dir - straight line, f - ogre
Aim: an ogre, wielding a +0 giant spiked club (moderately wounded, 73% to hit)
You throw a poisoned dart. The poisoned dart hits the ogre.
The ogre is moderately wounded.
The wall freezes the ogre.
Unknown command.
You hit the ogre.
The ogre is heavily wounded.
The wall freezes the ogre!
The ogre hits you with a +0 giant spiked club!!
Ouch! That really hurt!
* * * LOW HITPOINT WARNING * * *
Unknown command.
You feel better.
You hit the ogre.
The ogre is severely wounded.
The wall freezes the ogre.
The ogre hits you with a +0 giant spiked club!
Ouch! That really hurt!
You die...

#...##.#######...
#...##.#... ..
#...##)#.. .. ##
######.#.# #.# .
#######'#.# #.# .#
#.........#####.##.###
#...............(....
#.........#...##O#.#
+....####.......@$.###..
###R#...................
....+...................
###.#...[......#........
# #..>.........#######.#
# ######+##........... #
# #.##....#.##### #
#.##......###
########.##....#.....


You could see an ogre.

Vanquished Creatures
  An orc priest (D:2)
  2 orc wizards
  5 adders
  4 gnolls (D:2)
  3 worms
  3 dart slugs
  9 orcs
  2 bats (D:1)
  4 endoplasms
  7 giant cockroaches
  6 goblins
  6 hobgoblins
  8 jackals
  3 kobolds
  3 quokkas (D:1)
  3 ball pythons
  3 frilled lizards (D:1)
  5 rats
77 creatures vanquished.

Vanquished Creatures (collateral kills)
  An orc (D:4)
1 creature vanquished.

Vanquished Creatures (others)
  An ancestor (D:4)
1 creature vanquished.

Grand Total: 79 creatures vanquished

Notes
Turn   | Place    | Note
-------+----------+-------------------------------------------
     0 | D:1      | Zonian the Deep Elf Ice Elementalist began the quest for
                  | the Orb.
     0 | D:1      | Reached XP level 1. HP: 10/10 MP: 6/6
   200 | D:1      | Reached XP level 2. HP: 15/15 MP: 2/8
   900 | D:2      | Reached XP level 3. HP: 9/19 MP: 6/10
  1288 | D:2      | Found a shimmering altar of Xom.
  1964 | D:2      | Reached XP level 4. HP: 14/24 MP: 3/11
  2248 | D:1      | Learned a level 3 spell: Frozen Ramparts
  2252 | D:1      | Learned a level 3 spell: Ozocubu's Armour
  2367 | D:2      | Reached skill level 5 in Ice Magic
  2956 | D:2      | Reached XP level 5. HP: 26/28 MP: 8/12
  3029 | D:2      | Reached skill level 6 in Ice Magic
  3130 | D:3      | Found an ornate altar of the Wu Jian Council.
  3356 | D:3      | Found a hazy altar of Hepliaklqana.
  3371 | D:3      | Became a worshipper of Hepliaklqana the Forgotten
  4742 | D:4      | Reached * piety under Hepliaklqana
  4748 | D:4      | Noticed an ogre
  4878 | D:4      | Reached skill level 7 in Ice Magic
  5074 | D:4      | Slain by an ogre

Illustrated notes

Levels and vault maps discovered:
D:1:      ldierk_walled_garden_2, layout_basic
D:2:      wad_crossroads, layout_basic, basic_altar
D:3:      layout_basic, nicolae_wu_jian_wuxing_cycle, lemuel_crystal_altar,
          grunt_ministairs_14, serial_bayou_pond_b, wad_floor_pattern_2,
          minmay_crystal_water, kennysheep_potato
D:4:      layout_basic

Skill      XL: |  1  2  3  4  5 |
---------------+----------------+-----
Stealth        | 3 |  3.5
Dodging        | 3 |  3.3
Ice Magic      | 5 7 |  7.0
Spellcasting   | |  3.9

Action                     |  1- 3 |  4- 6 || total
---------------------------+-------+-------++-------
  Melee: Unarmed           |     5 |       ||     5
         Short sword       |       |     2 ||     2
         Dagger            |       |    20 ||    20
   Fire: Sling             |    57 |   108 ||   165
  Throw: Dart              |       |     1 ||     1
   Cast: Freeze            |    28 |    24 ||    52
         Frozen Ramparts   |       |     8 ||     8
         Ozocubu's Armour  |       |     1 ||     1
    Use: Scroll            |       |    11 ||    11
         Potion            |       |     2 ||     2
   Stab: Sleeping          |       |     2 ||     2
 Armour: Robe              |    12 |    18 ||    30
  Dodge: Dodged            |    51 |    66 ||   117
